 Dungeon Crawl Stone Soup version 0.13-a0-1693-g8ac13c1 (webtiles) character file.

91 BlackAndWhite the Insei (level 3, -2/28 HPs)
             Began as a Demigod Transmuter on June 20, 2013.
             Killed from afar by Sigmund (10 damage)
             ... with a wand of flame
             ... on Level 2 of the Dungeon.
             The game lasted 00:01:32 (1563 turns).

BlackAndWhite the Insei (Demigod Transmuter)        Turns: 1563, Time: 00:01:32

HP  -2/28        AC  2     Str 14      XL: 3   Next:  2%
MP   7/7         EV 13     Int 18      God:
Gold 56          SH  0     Dex 16      Spells:  1 memorised,  5 levels left

Res.Fire  : . . .   See Invis. : .     - Unarmed
Res.Cold  : . . .   Warding    : .   c - +0 robe
Life Prot.: . . .   Conserve   : .   (no shield)
Res.Poison: .       Res.Corr.  : .   (no helmet)
Res.Elec. : .       Clarity    : .   (no cloak)
Sust.Abil.: . .     Spirit.Shd : .   (no gloves)
Res.Mut.  : .       Stasis     : .   (no boots)
Res.Rott. : .       Flight     : .   (no amulet)
Saprovore : . . .                    (no ring)
                                     (no ring)

@: slightly resistant to hostile enchantments, unstealthy
A: no striking features
a: no special abilities


You were on level 2 of the Dungeon.
You were not hungry.

You visited 1 branch of the dungeon, and saw 2 of its levels.

You collected 36 gold pieces.

Inventory:

Missiles
 b - 35 arrows
Armour
 c - a +0 robe (worn)
Comestibles
 a - a bread ration
 f - a meat ration
 r - a chunk of bat flesh
Scrolls
 e - 2 scrolls of identify {unknown}
 g - a scroll of blinking {unknown}
 h - 2 scrolls of remove curse {unknown}
 j - a scroll of recharging {unknown}
 n - a scroll of noise {unknown}
 p - a scroll of curse armour {unknown}
Jewellery
 i - an uncursed amulet of clarity {unknown}
 k - an uncursed amulet of resist corrosion {unknown}
 m - an uncursed amulet of the gourmand {unknown}
Potions
 l - a potion of degeneration {unknown}
 o - a potion of magic {unknown}
 q - a potion of agility {unknown}
Books
 d - a book of Changes

   Spells                             Type                      Level
   *Beastly Appendage                 Transmutation                1
   Sticks to Snakes                   Transmutation                2
   Spider Form                        Transmutation/Poison         3
   Ice Form                           Ice/Transmutation            4
   Blade Hands                        Transmutation                5


   Skills:
 + Level 1.3 Fighting
 + Level 2.2 Dodging
 + Level 2.9 Unarmed Combat
 + Level 2.0 Spellcasting
 + Level 2.1 Transmutations


You had 5 spell levels left.
You knew the following spells:

 Your Spells              Type           Power        Failure   Level  Hunger
a - Beastly Appendage     Trmt           #.....       10%         1    #......


Dungeon Overview and Level Annotations

Branches:
Dungeon (2/27)

Annotations
D:2 Sigmund


Message History

HP restored.
Sigmund comes into view.
He is wielding a runed scythe.
Sigmund shouts!
Sigmund casts a spell.
Sigmund flickers and vanishes!
Deactivating autopickup; reactivate with Ctrl-A.
Found 12 stones and an apple.
An adder comes into view.
Found 2 scrolls labeled YXUQODGHICU.
You hear a zap.
The puff of flame hits you!
Your talons disappear.
You hear a zap.
The puff of flame hits you!
You hear a zap.
The puff of flame hits you!
* * * LOW HITPOINT WARNING * * *
You hear a zap.
The puff of flame hits you!
You die...

#......>..........#
#########.#######.#
#.........#
########..# #..#####.#
######........#
#.......#######
#.#####.# #@# #.# #.#
#.# #.# ###.### #.#
....... ########.#
.....(.
#..#........##.......?
#.............S.......
#.##.##.######......%#
# #.# .......


There were no monsters in sight!

Vanquished Creatures
  A giant mite (D:1)
  A giant gecko (D:2)
  A ball python (D:1)
  5 bats
  3 giant cockroaches (D:1)
  3 goblins (D:1)
  4 hobgoblins (D:1)
  3 kobolds (D:1)
  2 giant newts
  3 rats (D:1)
26 creatures vanquished.

Vanquished Creatures (others)
  A hobgoblin (D:1)
  2 goblins (D:1)
  A rat (D:1)
4 creatures vanquished.

Grand Total: 30 creatures vanquished

Notes
Turn   | Place    | Note
--------------------------------------------------------------
     0 | D:1      | BlackAndWhite, the Demigod Transmuter, began the quest for the Orb.
     0 | D:1      | Reached XP level 1. HP: 16/16 MP: 3/3
   501 | D:1      | Reached XP level 2. HP: 5/23 MP: 2/4
   553 | D:1      | Reached skill level 1 in Fighting
  1523 | D:2      | Reached XP level 3. HP: 28/28 MP: 7/7
  1555 | D:2      | Noticed Sigmund
  1563 | D:2      | Killed from afar by Sigmund

Action                   || total
-------------------------++-------
Melee: Unarmed           ||    71
 Cast: Beastly Appendage ||    16
 Stab: Sleeping          ||     1
